 Dungeon Crawl Stone Soup version 0.22.0-49-gab54619674 (webtiles) character file.

276 Riddle the Chopper (level 6, -2/58 HPs)
             Began as a Hill Orc Monk on Sept 9, 2018.
             Was a Believer of Cheibriados.
             Slain by Grinder (3 damage)
             ... on level 3 of the Dungeon.
             The game lasted 00:07:54 (4432 turns).

Riddle the Chopper (Hill Orc Monk)                  Turns: 4432, Time: 00:07:54

Health: -2/58      AC:  6    Str: 20    XL:     6   Next: 25%
Magic:  6/6        EV: 12    Int: 14    God:    Cheibriados [**....]
Gold:   159        SH:  0    Dex: 17    Spells: 5/5 levels left

rFire    . . .     SeeInvis .   a - +0 hand axe
rCold    . . .     Gourm    .   (no shield)
rNeg     . . .     Faith    .   f - +0 ring mail
rPois    .         Spirit   .   (no helmet)
rElec    .         Reflect  .   (no cloak)
rCorr    .         Harm     +   (no gloves)
MR       .....                  h - +0 pair of boots
Stlth    +.........             u - amulet of harm
HPRegen  0.19/turn              m - +2 ring of slaying
MPRegen  0.10/turn              p - ring of wizardry

@: very slow
A: no striking features
a: Bend Time, Renounce Religion


You were on level 3 of the Dungeon.
You worshipped Cheibriados.
Cheibriados was pleased with you.
You were not hungry.

You visited 1 branch of the dungeon, and saw 3 of its levels.

You collected 159 gold pieces.

Inventory:

Hand Weapons
 a - a +0 hand axe (weapon)
Armour
 f - a +0 ring mail (worn)
 h - a +0 pair of boots (worn)
Jewellery
 m - a +2 ring of slaying (left hand)
 p - a ring of wizardry (right hand)
 u - an amulet of harm (around neck)
Scrolls
 d - 2 scrolls of blinking {unknown}
 g - 3 scrolls of identify
 j - a scroll of enchant weapon {unknown}
 k - a scroll of enchant armour {unknown}
 n - 4 scrolls of remove curse
 o - a scroll of noise {unknown}
 q - 3 scrolls of fog {unknown}
 r - a scroll of amnesia {unknown}
 t - a scroll of magic mapping {unknown}
Potions
 b - 2 potions of heal wounds
 e - a potion of lignification {unknown}
 i - a potion of curing {unknown}
 l - 4 potions of berserk rage {unknown}
 s - a potion of haste {unknown}
Comestibles
 c - 9 rations


   Skills:
 + Level 6.3 Fighting
 + Level 6.9 Axes
 - Level 2.4 Dodging
 - Level 1.5 Stealth


You had 5 spell levels left.
You didn't know any spells.
Your spell library was empty.

Dungeon Overview and Level Annotations

Branches:
Dungeon (3/15)

Altars:
Ashenzari
Cheibriados
Kikubaaqudgha
Xom

Annotations:
D:3 Grinder, Sigmund


Message History

Grinder hits you!
You closely miss Grinder.
Grinder is lightly wounded.
Grinder hits you.
You writhe in agony.
You are too injured to fight recklessly!
Grinder says, "Mostly I couldn't keep them alive."
Grinder hits you.
* * * LOW HITPOINT WARNING * * *
You writhe in agony.
* * * LOW HITPOINT WARNING * * *
Grinder gestures at you.
You barely resist. Grinder barely misses you.
As you read the scroll labeled NIAWNA TIDUINISEB, it crumbles to dust.
It is a scroll of identify.
n - 4 scrolls of remove curse Grinder hits you!
* * * LOW HITPOINT WARNING * * *
You writhe in agony.
You die...

#.#................######.# #
#.#.###.#.#.##.....# #.# # ..#.#
#.#.#........# #.# #
..#.###.#..........######.# #
..#...#.######.....#...##.# #
#.###.#............#...##.# #
#...#.########.....#...##.# #
<)#.#.# #.....#5#.....##.# #
..#.#.# #...(.#@###...##.#######
###.#.####.....#.>.....##.#......
###.#..................##.#.#####
....#..................##.#.#....
....##.[..[.........###...#.#.###
....##..............# #.#.#.....#
...####)#####.......# #.#.#...#.#
...####.# #.......# #.#.#)รท.#.#
........# #.......###.#.#...#.#


You could see Grinder.

Vanquished Creatures
  Natasha (thrice) (D:3)
  4 gnolls (D:3)
  8 adders
  An ooze (D:2)
  3 worms
  2 dart slugs
  A leopard gecko (D:2)
  3 orcs (D:3)
  6 bats
  5 giant cockroaches
  9 goblins
  5 hobgoblins
  4 jackals (D:3)
  A quokka (D:3)
  A ball python (D:3)
  2 frilled lizards
  12 kobolds
  6 rats
76 creatures vanquished.

Notes
Turn   | Place    | Note
-------+----------+-------------------------------------------
     0 | D:1      | Riddle the Hill Orc Monk began the quest for the Orb.
     0 | D:1      | Reached XP level 1. HP: 19/19 MP: 1/1
   349 | D:1      | Reached XP level 2. HP: 17/27 MP: 2/2
  1011 | D:2      | Reached XP level 3. HP: 34/34 MP: 3/3
  1032 | D:2      | Reached skill level 5 in Axes
  1100 | D:2      | Reached XP level 4. HP: 22/41 MP: 4/4
  1358 | D:2      | Reached skill level 5 in Fighting
  1731 | D:3      | Noticed Sigmund
  2212 | D:3      | Reached XP level 5. HP: 14/48 MP: 5/5
  2770 | D:3      | Noticed Natasha
  2787 | D:3      | Killed Natasha
  3104 | D:3      | Noticed Natasha
  3126 | D:3      | Killed Natasha
  3126 | D:3      | Reached XP level 6. HP: 44/57 MP: 6/6
  3266 | D:3      | Noticed Grinder
  3268 | D:3      | Found a snail-covered altar of Cheibriados.
  3268 | D:3      | Found an ancient bone altar of Kikubaaqudgha.
  3274 | D:3      | Found a shimmering altar of Xom.
  3276 | D:3      | Paralysed by Grinder for 7 turns
  3289 | D:3      | Paralysed by Grinder for 6 turns
  3303 | D:3      | Found a shattered altar of Ashenzari.
  3318 | D:3      | Paralysed by Grinder for 3 turns
  3321 | D:3      | Noticed Natasha
  3792 | D:3      | Killed Natasha
  3798 | D:3      | Paralysed by Grinder for 5 turns
  3831 | D:3      | HP: 1/58 [Grinder/nerve-wracking pain (12)]
  4392 | D:3      | Became a worshipper of Cheibriados the Contemplative
  4392 | D:3      | Reached * piety under Cheibriados
  4392 | D:3      | Reached ** piety under Cheibriados
  4432 | D:3      | HP: 1/58 [Grinder (9)]
  4432 | D:3      | Slain by Grinder

Skill      XL: |  1  2  3  4  5 |
---------------+----------------+-----
Fighting       | 4 5 6 |  6.3
Axes           | 5 6 |  6.9
Dodging        | |  2.4
Stealth        | |  1.5

Action                   |  1- 3 |  4- 6 || total
-------------------------+-------+-------++-------
Melee: Hand axe          |    85 |   190 ||   275
  Use: Scroll            |       |     1 ||     1
       Potion            |       |     1 ||     1
 Stab: Sleeping          |     1 |     2 ||     3
  Eat: Chunk             |     1 |     4 ||     5
       Ration            |       |     2 ||     2
Armor: Ring mail         |    42 |    56 ||    98
Dodge: Dodged            |    70 |    98 ||   168
